 Dungeon Crawl Stone Soup version 0.30-a0-782-ge64f9170bb (webtiles) character file.

Game seed: 3380483829863535149

629 Dirtsage the Chopper (level 7, -8/50 (52) HPs)
             Began as a Demonspawn Fighter on Mar 2, 2023.
             Mangled by a gnoll
             ... wielding the +9 halberd "Newtslayer" {chaos, rF- Str+5 Dex+4 SInv}
              (14 damage)
             ... on level 4 of the Dungeon.
             The game lasted 00:07:13 (3647 turns).

Dirtsage the Chopper (Demonspawn Fighter)           Turns: 3647, Time: 00:07:13

HP:   -8/50 (52)    AC: 14    Str: 19    XL:     7   Next: 23%
MP:   7/7           EV:  5    Int:  9    God:
Gold: 184           SH:  0    Dex: 12    Spells: 6/6 levels left

rFire   + . .      SeeInvis .    p - +0 hand axe (flame)
rCold   + . .      Faith    .    (no shield)
rNeg    . . .      Spirit   .    h - +0 plate armour
rPois   +          Reflect  .    s - +0 helmet
rElec   +          Harm     .    k - +0 cloak
rCorr   +          Rampage  .    (no gloves)
Will    .....                    f - +0 pair of boots Stlth
                                 (no amulet)
HPRegen 0.28/turn                (no ring)
MPRegen 0.10/turn                (no ring)

@: resistant, lightly drained
A: demonic touch 2
a: no special abilities


You were on level 4 of the Dungeon.
You visited 1 branch of the dungeon, and saw 4 of its levels.

You collected 184 gold pieces.

Inventory:

Hand Weapons
 a - a +0 war axe
 p - a +0 hand axe of flaming (weapon)
Missiles
 o - 2 throwing nets (quivered)
Armour
 b - a +0 scale mail
 c - a +0 buckler
 f - a +0 pair of boots (worn)
 h - a +0 plate armour (worn)
 k - a +0 cloak (worn)
 s - a +0 helmet (worn)
Magical Staves
 u - a staff of death
Wands
 v - a wand of charming (11)
Scrolls
 e - 4 scrolls of identify {unknown}
 i - a scroll of blinking {unknown}
 j - a scroll of teleportation {unknown}
 l - a scroll of enchant armour {unknown}
 m - 2 scrolls of fear {unknown}
 t - a scroll of vulnerability {unknown}
Potions
 d - a potion of might
 g - 3 potions of heal wounds {unknown}
 n - 2 potions of resistance
 q - 3 potions of curing
 r - 2 potions of lignification {unknown}


   Skills:
 - Level 3.0 Fighting
 + Level 7.4 Axes
 - Level 2.6 Armour
 - Level 2.6 Shields


You had 6 spell levels left.
You didn't know any spells.
Your spell library contained the following spells:

 Spells                   Type           Power      Damage    Failure   Level
 Static Discharge         Conj/Air       0%         2-2/arc   100%        2
 Vhi's Electric Charge    Tloc/Air       0%         N/A       100%        3
 Arcjolt                  Conj/Air       0%         1d10      100%        5
 Lightning Bolt           Conj/Air       0%         1d11      100%        5


Dungeon Overview and Level Annotations

Branches:
Dungeon (4/15)
 Temple: D:4-7

Altars:
Dithmenos
Gozag
Sif Muna

Annotations:
D:4 1 transporter, DEFE's ghost, amateur DsWn


Innate Abilities, Weirdness & Mutations

Your touch may inflict irresistible damage on your foes.


Message History

The gnoll hits you from afar with the +9 halberd "Newtslayer" {chaos, rF- Str+5 Dex+4 SInv}!
You take 9 damage, and have 43/52 hp.
You rip the net and break free!
You feel very sick.
DEFE's ghost hits you but does no damage.
You are more poisoned.
The gnoll hits you but does no damage.
You take 3 damage, and have 40/52 hp.
You hit DEFE's ghost but do no damage.
You feel very sick. DEFE's ghost barely misses you.
The gnoll hits you but does no damage.
You are more poisoned.
You take 3 damage, and have 37/52 hp.
You hit DEFE's ghost. You burn DEFE's ghost.
DEFE's ghost is lightly damaged.
You feel very sick.
DEFE's ghost hits you but does no damage.
You are more poisoned.
The gnoll hits you from afar with the +9 halberd "Newtslayer" {chaos, rF- Str+5 Dex+4 SInv}!
You feel protected.
You take 15 damage, and have 22/52 hp.
MASSIVE DAMAGE!!
It was a potion of curing.
You feel better.
q - 3 potions of curing;
o - 2 throwing nets (quivered)
DEFE's ghost hits you.
The gnoll hits you from afar with the +9 halberd "Newtslayer" {chaos, rF- Str+5 Dex+4 SInv}!
* * * LOW HITPOINT WARNING * * *
You feel drained.
* * * LOW HITPOINT WARNING * * *
You take 14 damage, and have 8/50 hp.
MASSIVE DAMAGE!!
You hit DEFE's ghost but do no damage.
DEFE's ghost is lightly damaged.
DEFE's ghost hits you but does no damage.
The gnoll hits you from afar with the +9 halberd "Newtslayer" {chaos, rF- Str+5 Dex+4 SInv}.
* * * LOW HITPOINT WARNING * * *
You take 3 damage, and have 5/50 hp.
You hit DEFE's ghost but do no damage.
DEFE's ghost is lightly damaged.
DEFE's ghost hits you but does no damage.
The gnoll hits you from afar with the +9 halberd "Newtslayer" {chaos, rF- Str+5 Dex+4 SInv}!
You die...

.≈≈≈≈≈≈≈≈≈≈≈...≈≈≈≈≈≈≈≈≈≈≈.###...
.≈≈≈≈≈≈≈≈≈≈≈...≈≈≈≈≈≈≈≈≈≈≈.# #...
.≈≈#####...........#####≈≈.# #...
.≈≈#.#.#.###.©.###.#.#.#≈≈.# #...
.≈≈#...###.#####©###...#≈≈.# #...
.≈≈###..gg...........###≈≈.# #...
.≈≈.8#.######'###'##.#8.≈≈.# #...
.≈≈.##.#. #8..#)..#.##.≈≈.###...
.~~.#..' #⌠©†W@..'..#.~~.......
.≈≈.##.# #8.g#..P#.##.≈≈..###.#
.≈≈.8#.######'###'##.#8.≈≈..##..#
.≈≈###.g.............###≈≈.###.##
.≈≈#gW.###.#####.###...#≈≈.# #.#
.≈≈#.#.#.###.©.###.#.#.#≈≈.# #.##
.≈≈#####...........#####≈≈.# #.##
.≈≈≈≈≈≈≈≈≈≈≈≈~≈≈≈≈≈≈≈≈≈≈≈≈.# #.##
.≈≈≈≈≈≈≈≈≈≈≈≈~≈≈≈≈≈≈≈≈≈≈≈≈.# #.##


You could see DEFE's ghost and a gnoll.

Vanquished Creatures
  A gnoll sergeant (D:3)
  A scorpion (D:4)
  2 howler monkeys (D:3)
  2 hounds (D:3)
  An iguana (D:4)
  Robin (D:3)
  20 gnolls
  An adder (D:2)
  A dart slug (D:1)
  19 orcs
  6 bats
  4 endoplasms
  A giant cockroach (D:1)
  8 goblins
  7 hobgoblins
  16 jackals
  5 kobolds
  5 quokkas
  6 ball pythons
  4 frilled lizards
  21 rats
132 creatures vanquished.

Vanquished Creatures (others)
  A fungus (D:3)
  10 plants
11 creatures vanquished.

Grand Total: 143 creatures vanquished

Notes
Turn   | Place    | Note
-------+----------+-------------------------------------------
     0 | D:1      | Dirtsage the Demonspawn Fighter began the quest for the
                  | Orb.
     0 | D:1      | Reached XP level 1. HP: 18/18 MP: 1/1
    47 | D:1      | Reached skill level 2 in Axes
   165 | D:1      | Gained mutation: Your touch may inflict minor irresistible
                  | damage on your foes. [demonic ancestry]
   165 | D:1      | Reached XP level 2. HP: 24/24 MP: 2/2
   257 | D:1      | Reached skill level 3 in Axes
   420 | D:1      | Reached XP level 3. HP: 29/29 MP: 3/3
   873 | D:1      | Found a shimmering blue altar of Sif Muna.
  1050 | D:2      | Found a shadowy altar of Dithmenos.
  1182 | D:2      | Found a faded altar of an unknown god.
  1402 | D:3      | Found an opulent altar of Gozag.
  1651 | D:3      | Noticed Robin
  1820 | D:3      | Gained mutation: Your touch may inflict irresistible damage
                  | on your foes. [demonic ancestry]
  1820 | D:3      | Reached XP level 4. HP: 28/35 MP: 4/4
  1831 | D:3      | Reached skill level 4 in Axes
  1837 | D:3      | Noticed a gnoll sergeant
  1848 | D:3      | Killed a gnoll sergeant
  1849 | D:3      | Reached XP level 5. HP: 33/41 MP: 5/5
  1855 | D:3      | Reached skill level 5 in Axes
  2183 | D:3      | Reached XP level 6. HP: 37/47 MP: 6/6
  2286 | D:3      | Reached skill level 6 in Axes
  2565 | D:3      | Killed Robin
  2923 | D:4      | Reached skill level 7 in Axes
  2923 | D:4      | Reached XP level 7. HP: 14/52 MP: 7/7
  3367 | D:4      | Identified the +9 halberd "Newtslayer" {chaos, rF- Str+5
                  | Dex+4 SInv}
  3370 | D:4      | Noticed DEFE's ghost (amateur DsWn)
  3393 | D:4      | Found a transporter.
  3399 | D:4      | Found a transporter.
  3647 | D:4      | Mangled by a gnoll

Illustrated notes

Levels and vault maps discovered:
D:1:      dpeg_arrival_water_altar, layout_basic
D:2:      layout_rooms, basic_altar, shapermc_ecumenical_altar_notcrosses
D:3:      lemuel_castle_with_subvaults [lemuel_castle_interior_carwin_2],
          layout_basic, grunt_gozag_statues, minmay_door_square, uniq_robin
D:4:      layout_rooms, gammafunk_ghost_gnarly_gnolls, minmay_rat_hole

Skill      XL: |  1  2  3  4  5  6 |
---------------+-------------------+-----
Axes           | 2 3 4 5 7 |  7.4
Fighting       | |  3.0
Armour         | |  2.6
Shields        | |  2.6

Action                     |  1- 3 |  4- 6 |  7- 9 || total
---------------------------+-------+-------+-------++-------
  Melee: War axe           |   117 |    83 |       ||   200
         Touch             |    11 |    16 |     9 ||    36
         Hand axe          |       |    44 |    50 ||    94
         Punch             |       |       |     2 ||     2
    Use: Potion            |       |       |     1 ||     1
 Armour: Scale mail        |    63 |       |       ||    63
         Plate armour      |    39 |   128 |    30 ||   197
  Dodge: Dodged            |    54 |    54 |     9 ||   117
  Block: Buckler           |    11 |       |       ||    11

Table legend: (Time is in decaauts)
 A = Elapsed time spent in this place.
 B = Non-inter-level travel time spent in this place.
 C = Inter-level travel time spent in this place.
 D = Time resting spent in this place.
 E = Time spent auto-exploring this place.
 F = Levels seen in this place.
 G = Mean time per level.
                   A        B        C        D        E       F      G
               +--------+--------+--------+--------+--------+-----+--------+
         Total |   3713 |   3566 |    147 |    438 |   2407 |   4 |  928.2 |
       Dungeon |   3713 |   3566 |    147 |    438 |   2407 |   4 |  928.2 |
               +--------+--------+--------+--------+--------+-----+--------+

Top non-repeatable levels by time:
     D:3: 1450 daAuts
     D:1: 961 daAuts
     D:4: 916 daAuts
     D:2: 384 daAuts
